Map: White Rabbit LE

Players

HoldTheDoor - Winner!

  • Race: Protoss Protoss
  • League: Diamond
  • Spawn Location: 1:00

abracadabra

  • Race: Zerg Zerg
  • League: Diamond
  • Spawn Location: 7:00

VOD

Have the link to the VOD?

Description

Time

  • Played on: May 13, 2026, 1:05 p.m.
  • Length: 8:43
Show
View Real Time Build Order
Export as new Build Order

HoldTheDoor Protoss - Winner!

Build Orders: 1 Gate Expand, Archon Immortal, Archon Drop 

Get SALT Encoding   

  12  0:00  Probe  
  13  0:12  Probe  
  14  0:18  Pylon  
  14  0:24  Probe  
  15  0:32  Probe  
  15  0:40  Probe  
  15  0:42  Gateway  
  16  0:49  Assimilator  
  17  0:50  Probe  
  18  1:03  Probe  
  19  1:21  Nexus  
  19  1:31  Cybernetics Core  
  19  1:33  Probe  
  20  1:40  Assimilator  
  20  1:45  Probe  
  21  1:48  Pylon  
  21  1:56  Stalker  
  21  1:57  Probe  
  24  2:10  Probe, Warp Gate  
  25  2:22  Probe  
  26  2:24  Adept  
  28  2:33  Gateway, Probe  
  28  2:34  Probe  
  30  2:44  Twilight Council  
  30  2:46  Probe  
  30  2:49  Probe  
  32  2:58  Probe  
  33  3:01  Probe  
  34  3:09  Robotics Facility  
  34  3:10  Probe  
  35  3:13  Probe  
  35  3:16  Assimilator  
  36  3:22  Probe  
  36  3:25  Probe  
  38  3:34  Probe  
  38  3:38  Pylon  
  39  3:42  Charge  
  39  3:44  Probe  
  40  4:01  Dark Shrine, Pylon  
  40  4:04  Warp Prism  
  40  4:05  Gateway  
  40  4:06  Gateway  
  40  4:13  Probe  
  40  4:14  Probe  
  44  4:25  Probe  
  44  4:28  Probe  
  44  4:30  Pylon  
  44  4:31  Adept x2  
  50  4:37  Probe  
  51  4:43  Immortal  
  55  4:51  Nexus  
  55  4:52  Pylon  
  55  4:55  Probe  
  55  4:58  Probe  
  57  5:02  Pylon  
  57  5:05  Pylon  
  57  5:13  Shield Battery  
  55  5:18  Dark Templar x4  
  63  5:34  Probe  
  64  5:54  Archon  
  64  5:56  Archon  
  64  5:59  Probe x2  
  64  6:01  Immortal  
  70  6:11  Nexus  
  70  6:12  Pylon  
  70  6:41  Zealot  
  70  6:42  Zealot x3  
  78  6:47  Pylon  
  78  6:48  Shield Battery x2  
  78  6:49  Probe  
  78  6:50  Immortal  
  83  6:55  Forge  
  83  6:58  Gateway  
  83  7:01  Gateway  
  83  7:02  Gateway  
  83  7:03  Gateway  
  83  7:05  Gateway  
  83  7:06  Probe  
  83  7:08  Gateway x2  
  84  7:09  Gateway, Stalker  
  84  7:10  Stalker x2  
  84  7:14  Sentry  
  92  7:16  Probe  
  93  7:30  Pylon  
  93  7:33  Zealot x3, Pylon  
  99  7:42  Observer  
  100  7:56  Immortal  
  100  8:02  Photon Cannon  
  100  8:03  Photon Cannon  
  104  8:07  Pylon  
  104  8:09  Pylon  
  104  8:15  Zealot x8  
  112  8:24  Zealot  
  112  8:25  Zealot x2  
  112  8:26  Zealot  
Show
View Real Time Build Order
Export as new Build Order

abracadabra Zerg 

Build Orders: Hatch First, Lurkers 

Get SALT Encoding   

  12  0:00  Drone  
  13  0:12  Overlord  
  13  0:16  Drone  
  14  0:30  Drone x2  
  16  0:46  Hatchery  
  15  0:50  Drone  
  15  0:53  Drone  
  17  0:57  Drone  
  18  1:07  Extractor  
  17  1:14  Spawning Pool  
  17  1:17  Drone  
  17  1:20  Drone  
  18  1:28  Drone  
  19  1:39  Overlord  
  19  2:00  Drone x3  
  22  2:01  Queen  
  22  2:03  Queen  
  26  2:25  Hatchery  
  26  2:29  Metabolic Boost  
  25  2:32  Drone  
  25  2:33  Drone x2  
  28  2:46  Queen  
  28  2:49  Overlord  
  30  2:59  Drone x5  
  35  3:13  Overlord  
  35  3:15  Overlord  
  35  3:18  Drone x3  
  38  3:26  Queen  
  38  3:30  Drone x2, Extractor  
  38  3:32  Drone  
  42  3:39  Overlord x2  
  42  3:43  Extractor  
  42  3:44  Drone  
  42  3:48  Drone  
  42  3:50  Drone  
  42  3:51  Queen  
  42  3:53  Drone x3  
  49  4:11  Lair, Roach Warren  
  49  4:14  Baneling Nest  
  47  4:17  Zergling x2  
  47  4:18  Zergling x8  
  52  4:25  Drone x3  
  55  4:50  Drone x3  
  55  4:51  Extractor  
  57  4:53  Drone x4  
  60  5:08  Roach x6  
  72  5:15  Overlord x2  
  72  5:16  Overlord x2  
  72  5:23  Overseer  
  72  5:29  Spore Crawler  
  72  5:33  Overseer  
  71  5:50  Hatchery  
  71  5:53  Hatchery  
  71  5:56  Drone  
  71  5:57  Drone x3  
  72  6:03  Hatchery  
  72  6:06  Glial Reconstitution  
  72  6:12  Hydralisk Den  
  72  6:16  Spore Crawler  
  72  6:18  Evolution Chamber  
  69  6:19  Evolution Chamber  
  64  6:49  Zerg Missile Weapons Level 1  
  64  6:52  Drone x12  
  76  7:04  Lurker Den  
  75  7:15  Drone x11  
  86  7:40  Hydralisk  
  86  7:41  Hydralisk x11, Infestation Pit  
  86  7:42  Extractor  
  110  7:44  Roach  
  110  7:45  Extractor  
  110  7:51  Overlord x3  
  109  8:10  Lurker x2  
  109  8:12  Hydralisk  
  96  8:22  Lurker x2  
  96  8:26  Zergling x2  
Tags
 
Add a new tag
Caveats
  • Supply blocks, unpowered buildings, or Contaminate may cause inaccurate times.
  • Supply counts are checked every 10 seconds.